 Dungeon Crawl Stone Soup version 0.15-a0-86-gda4a099 (webtiles) character file.

186 Kanakotka the Grasshopper (level 4, -1/40 HPs)
             Began as a Naga Warper on Apr 7, 2014.
             Killed by nerve-wracking pain
             ... invoked by Grinder
              (8 damage)
             ... on Level 3 of the Dungeon.
             The game lasted 00:11:50 (3555 turns).

Kanakotka the Grasshopper (Naga Warper)             Turns: 3555, Time: 00:11:50

HP  -1/40        AC  8     Str 13      XL: 4   Next: 90%
MP   8/8         EV 10     Int 13      God:
Gold 77          SH  0     Dex 12      Spells:  1 memorised,  7 levels left

rFire  . . .     SeeInvis +     k - +2,+4 short sword (protect)
rCold  . . .     Clarity  .     b - +0 leather armour
rNeg   . . .     Conserve .     (no shield)
rPois  +         rCorr    .     (no helmet)
rElec  .         rRot     .     (no cloak)
SustAb . .       Spirit   .     (no gloves)
rMut   .         Warding  .     (no barding)
Saprov . . .     Stasis   .     (no amulet)
MR     .....                    (no ring)
                                (no ring)

@: short of breath, invisible, very slightly contaminated, very slow, not
resistant to hostile enchantments, unstealthy
A: spit poison, see invisible, deformed body, poison resistance, slowness 2, AC
+1
a: Spit Poison


You were on level 3 of the Dungeon.
You were full.

You visited 1 branch of the dungeon, and saw 3 of its levels.

You collected 77 gold pieces.

Inventory:

Hand weapons
 k - a +2,+4 short sword of protection (weapon)
Missiles
 e - 15 darts (quivered)
 f - 10 darts of dispersal
 h - 8 silver darts
Armour
 b - a +0 leather armour (worn)
Comestibles
 a - an apple
 g - 2 bread rations
Scrolls
 d - a scroll of blinking
 m - a scroll of remove curse
Potions
 j - a potion of lignification
Books
 c - a book of Spatial Translocations

   Spells                             Type                      Level
   *Apportation                       Translocation                1
   Blink                              Translocation                2
   Shroud of Golubria                 Charms/Translocation         2
   Portal Projectile                  Translocation                3
   Teleport Other                     Translocation                3
   Passage of Golubria                Translocation                4
 q - a book of the Earth

   Spells                             Type                      Level
   Leda's Liquefaction                Hexes/Earth                  4
   Bolt of Magma                      Conjuration/Fire/Earth       5
   Statue Form                        Transmutation/Earth          6
   Iron Shot                          Conjuration/Earth            6
   Shatter                            Earth                        9


   Skills:
 + Level 2.4 Fighting
 + Level 2.6 Short Blades
 - Level 0.8 Throwing
 + Level 1.2 Armour
 + Level 2.0 Dodging
 * Level 0.9 Stealth
 + Level 1.6 Unarmed Combat
 + Level 2.5 Spellcasting
 + Level 3.3 Translocations


You had 7 spell levels left.
You knew the following spells:

 Your Spells              Type           Power        Failure   Level  Hunger
a - Apportation           Tloc           ##........   10%         1    #......


Dungeon Overview and Level Annotations

Branches:
Dungeon (3/15)

Altars:

Annotations:
D:3 Grinder


Innate Abilities, Weirdness & Mutations

You cannot wear boots.
You can spit poison.
Your serpentine skin is tough (AC +1).
You have supernaturally acute eyesight.
Armour fits poorly on your strangely shaped body.
Your system is resistant to poisons.
You cover ground very slowly.


Message History

Use which ability? (? or * to list)
Press: ? - help, Shift-Dir - straight line, f/p - Grinder
Aim: Grinder (severely wounded)
The splash of poison hits Grinder.
Grinder is severely wounded.
You feel slightly less full.
Grinder gestures.
Grinder blinks!
Grinder gestures at you. You resist with significant effort. Grinder hits you.
* * * LOW HITPOINT WARNING * * *
You writhe in agony.
* * * LOW HITPOINT WARNING * * *
Found a yellow potion.
You hit Grinder but do no damage.
Grinder is severely wounded.
Grinder gestures at you. Pain shoots through your body!
You die...

!.. .........
..........#
#.........#
#.........#
#.......?.#
#.........#
#.........#
#....@5...#
#.........############
#...........).........
#############.........
#...%.###### #.....#
#.....# #.....#
#.....#


You could see Grinder.

Vanquished Creatures
  5 adders
  A worm (D:2)
  An ooze (D:1)
  2 orcs (D:3)
  6 giant cockroaches
  9 hobgoblins
  2 jackals
  A ball python (D:1)
  4 bats
  2 giant newts
  7 goblins
  8 kobolds
  A quokka (D:2)
  4 rats
53 creatures vanquished.

Notes
Turn   | Place    | Note
--------------------------------------------------------------
     0 | D:1      | Kanakotka, the Naga Warper, began the quest for the Orb.
     0 | D:1      | Reached XP level 1. HP: 19/19 MP: 3/3
   565 | D:1      | Reached XP level 2. HP: 24/26 MP: 4/4
   682 | D:1      | Reached skill level 1 in Armour
  1640 | D:2      | Reached skill level 1 in Unarmed Combat
  1640 | D:2      | Reached XP level 3. HP: 8/32 MP: 6/6
  2732 | D:2      | Reached XP level 4. HP: 35/39 MP: 8/8
  3535 | D:3      | Noticed Grinder
  3537 | D:3      | Paralysed by Grinder for 2 turns
  3555 | D:3      | Killed from afar by Grinder

Action                   |  1- 3 |  4- 6 || total
-------------------------+-------+-------++-------
Melee: Short sword       |   157 |    83 ||   240
Throw: Dart              |     2 |       ||     2
 Abil: Spit Poison       |     2 |     2 ||     4
  Use: Scroll            |     1 |     6 ||     7
       Potion            |       |     4 ||     4
